 Dungeon Crawl Stone Soup version 0.30-a0-475-g03497ec522 (webtiles) character file.

Game seed: 3345708835501191987

296823 holysushi the Spry (level 20, -16/107 HPs)
             Began as a Vine Stalker Monk on Dec 21, 2022.
             Was the Champion of Zin.
             Killed from afar by Margery (42 damage)
             ... with a fireball
             ... on level 2 of the Vaults.
             The game lasted 01:30:56 (37501 turns).

holysushi the Spry (Vine Stalker Monk)             Turns: 37501, Time: 01:30:56

Health: -16/107    AC: 11    Str: 14    XL:     20   Next: 92%
Magic:  0/40       EV: 57    Int: 24    God:    Zin [******]
Gold:   1018       SH: 16    Dex: 38    Spells: 19/19 levels left

rFire   . . .      SeeInvis .    r - +9 rapier (elec)
rCold   . . .      Faith    .    e - +0 kite shield {reflect}
rNeg    . . .      Spirit   +    H - +0 troll leather armour
rPois   ∞          Reflect  +    X - +1 helmet "Roehum" {Will+ Str-5 Int+4 Slay+5}
rElec   .          Harm     .    x - +0 cloak of the Armoured One {+Inv Int+6}
rCorr   .          Rampage  +    h - +0 pair of gloves
Will    +++..                    U - +2 pair of boots {rampage}
Stlth   ++++++....               Y - amulet of Qelenamot {Acrobat rPois MP+9 Dex+3}
HPRegen 1.97/turn                G - +6 ring of dexterity
MPRegen 0.27/turn                J - +4 ring of evasion

@: vitalised, on recite cooldown, acrobatic
A: fangs 3, regeneration 1, magic shield, antimagic bite, no potion heal 2
}: 2/15 runes: decaying, gossamer
a: Renounce Religion, Evoke Invisibility, Recite, Vitalisation, Imprison,
Sanctuary, Donate Gold


You were on level 2 of the Vaults.
You worshipped Zin.
Zin was exalted by your worship.
You visited 7 branches of the dungeon, and saw 37 of its levels.
You also visited: Gauntlet.

You collected 3548 gold pieces.
You spent 2288 gold pieces at shops.
You donated 242 gold pieces to Zin.

Inventory:

Hand Weapons
 r - a +9 rapier of electrocution (weapon)
 T - a +3 rapier of electrocution
Missiles
 y - 17 throwing nets (quivered)
Armour
 e - a +0 kite shield of reflection (worn)
 h - a +0 pair of gloves (worn)
 v - the +1 leather armour of Viet {rF+ rC+ Int+4}
   (You found it on level 1 of the Spider Nest)

   Int:       It affects your intelligence (+4).
   rF:        It protects you from fire.
   rC:        It protects you from cold.
 w - +0 acid dragon scales
 x - the +0 cloak of the Armoured One (worn) {+Inv Int+6}
   (You found it on level 13 of the Dungeon)

   Int:       It affects your intelligence (+6).
   +Inv:      It lets you turn invisible.
 z - a +0 tower shield
 H - a +0 troll leather armour (worn)
 U - a +2 pair of boots of rampaging (worn)
 X - the +1 helmet "Roehum" (worn) {Will+ Str-5 Int+4 Slay+5}
   (You found it in a Gauntlet)

   Str:       It affects your strength (-5).
   Int:       It affects your intelligence (+4).
   Slay:      It affects your accuracy & damage with ranged weapons and melee
   (+5).
   Will:      It increases your willpower.
Jewellery
 d - a +6 ring of strength
 s - a ring of protection from cold
 F - a ring of magical power
 G - a +6 ring of dexterity (left hand)
 I - a ring of resist corrosion
 J - a +4 ring of evasion (right hand)
 O - a ring of willpower
 W - a ring of positive energy
 Y - the amulet of Qelenamot (around neck) {Acrobat rPois MP+9 Dex+3}
   (You took it off a minotaur in a Gauntlet)

   [amulet of the acrobat]

   It increases your evasion while moving and waiting.
   Dex:       It affects your dexterity (+3).
   rPois:     It protects you from poison.
   MP:        It affects your magic capacity (+9).
Wands
 a - a wand of mindburst (27)
 k - a wand of paralysis (24)
 B - a wand of flame (26)
 Q - a wand of roots (16)
 S - a wand of acid (14)
 V - a wand of digging (6)
Scrolls
 b - 4 scrolls of fear
 f - 7 scrolls of vulnerability
 p - a scroll of enchant weapon
 C - a scroll of fog
 K - 11 scrolls of enchant armour
 L - a scroll of amnesia
 M - 4 scrolls of magic mapping
 P - 4 scrolls of poison
 Z - a scroll of blinking
Potions
 c - 6 potions of ambrosia
 g - a potion of invisibility
 i - 8 potions of haste
 j - 4 potions of might
 l - 8 potions of flight
 m - 11 potions of brilliance
 o - 12 potions of curing
 q - a potion of attraction
 t - 2 potions of cancellation
 u - 7 potions of magic
 A - 5 potions of mutation
 D - 2 potions of berserk rage
 E - 3 potions of resistance
Miscellaneous
 n - a lightning rod (4/4)
 R - a tin of tremorstones (2/2)


   Skills:
 + Level 12.4 Fighting
 - Level 14.0 Short Blades
 + Level 19.3 Dodging
 - Level 12.0 Stealth
 - Level 10.0 Shields
 - Level 14.0 Invocations
 - Level 14.0 Evocations


You had 19 spell levels left.
You didn't know any spells.
Your spell library contained the following spells:

 Spells                   Type           Power      Damage    Failure   Level
 Apportation              Tloc           0%         N/A       38%         1
 Necrotise                Necr           0%         1d4       38%         1
 Sandblast                Erth           0%         2d4       38%         1
 Summon Small Mammal      Summ           0%         N/A       38%         1
 Cigotuvi's Dreadful Rot  Necr/Pois/Air  0%         N/A       52%         2
 Ensorcelled Hibernation  Hex/Ice        0%         N/A       52%         2
 Passwall                 Tmut/Erth      0%         N/A       52%         2
 Poisonous Vapours        Pois/Air       0%         N/A       52%         2
 Scorch                   Fire           0%         2d5       52%         2
 Sublimation of Blood     Necr           0%         N/A       52%         2
 Call Canine Familiar     Summ           0%         N/A       77%         3
 Gell's Gravitas          Tloc           0%         N/A       77%         3
 Hailstorm                Conj/Ice       0%         3d3       77%         3
 Inner Flame              Hex/Fire       0%         N/A       77%         3
 Lesser Beckoning         Tloc           0%         N/A       77%         3
 Mephitic Cloud           Conj/Pois/Air  0%         N/A       77%         3
 Ozocubu's Armour         Ice            0%         N/A       77%         3
 Portal Projectile        Hex/Tloc       0%         N/A       77%         3
 Stone Arrow              Conj/Erth      0%         3d7       77%         3
 Swiftness                Air            0%         N/A       77%         3
 Teleport Other           Tloc           0%         N/A       77%         3
 Tukima's Dance           Hex            0%         N/A       77%         3
 Airstrike                Air            0%         2d(0-16)  99%         4
 Animate Armour           Summ/Erth      0%         N/A       99%         4
 Cause Fear               Hex            0%         N/A       99%         4
 Flame Wave               Conj/Fire      0%         2d4       99%         4
 Ice Form                 Ice/Tmut       0%         N/A       99%         4
 Leda's Liquefaction      Hex/Erth       0%         N/A       99%         4
 Passage of Golubria      Tloc           0%         N/A       99%         4
 Petrify                  Tmut/Erth      0%         N/A       99%         4
 Summon Lightning Spire   Summ/Air       0%         N/A       99%         4
 Alistair's Intoxication  Tmut/Pois      0%         N/A       100%        5
 Irradiate                Conj/Tmut      0%         3d11      100%        5
 Lee's Rapid Deconstruct  Erth           0%         3d4*      100%        5
 Lightning Bolt           Conj/Air       0%         1d11      100%        5
 Metabolic Englaciation   Hex/Ice        0%         N/A       100%        5
 Yara's Violent Unravell  Hex/Tmut       0%         3d3       100%        5
 Iron Shot                Conj/Erth      0%         9d1       100%        6
 Simulacrum               Ice/Necr       0%         N/A       100%        6
 Statue Form              Tmut/Erth      0%         N/A       100%        6
 Summon Cactus Giant      Summ           0%         N/A       100%        6
 Discord                  Hex            0%         N/A       100%        8


Dungeon Overview and Level Annotations

Branches:
Dungeon (15/15) Zot: 25319  Temple (0/1) D:6            Lair (5/5) D:9 Zot: 24507
  Swamp (4/4) Lair:3 Zot: 20373  Spider (4/4) Lair:3 Zot: 19094   Slime (5/5) Lair:5 Zot: 26336
    Orc (2/2) D:12 Zot: 10325     Elf (0/3) Orc:2        Vaults (2/5) D:13 Zot: 9626
 Depths (0/4) D:15        Gauntlet (visited)
  Crypt: Vaults:2-3

Altars:
Dithmenos
Elyvilon
Fedhas
Hepliaklqana
Kikubaaqudgha
Makhleb
Qazlal
Ru
Trog
Vehumet
Wu Jian
Yredelemnul
Zin
The Shining One
Jiyva

Shops:
D:6 (   Orc:2 *[[(=   Vaults:1 [

Portals:
Hell: Lair:5

Annotations:
D:3 2 transporters, Encipher's ghost, amateur KoHu
Swamp:2 Roxanne
Slime:5 Royal Jelly
Vaults:2 Margery


Innate Abilities, Weirdness & Mutations

You have razor-sharp teeth.
Your natural rate of healing is unusually fast.
When hurt, damage is shared between your health and your magic reserves.
Your bite disrupts and absorbs the magic of your enemies.
Potions cannot restore your health.


Message History

The hell knight completely misses you. Margery casts a spell at you.
The bolt of fire misses you.
You see here the +3 leather armour of Zusoin {Slay+3}.
The hell knight attacks as you move away!
You block the hell knight's attack. Margery gestures at you while chanting.
The fireball explodes!
The fireball engulfs you!!!
* * * LOW HITPOINT WARNING * * *
There is an open door here.
Margery points at you and mumbles some strange words.
The bolt of fire hits the hell knight.
The hell knight completely resists.
The bolt of fire misses you.
Press: ? - help, v - describe, . - travel
Here: a hell knight, wielding a +2 demon blade and wearing a +0 plate armour (mute, softly glowing)
An open door.
Okay, then.
Okay, then.
You puncture the hell knight! You bite the hell knight. You drain its power.
You feel invigorated.
The hell knight is moderately wounded.
You puncture the hell knight!
Lightning courses through the hell knight!
You bite the hell knight. You drain its power.
You feel invigorated.
The hell knight is heavily wounded.
The hell knight hits you with a +2 demon blade!
* * * LOW HITPOINT WARNING * * *
You puncture the hell knight! You bite the hell knight. You drain its power.
You feel invigorated.
The hell knight is severely wounded.
The hell knight completely misses you.
You puncture the hell knight! You bite the hell knight.
You kill the hell knight!
The hell knight seems less drained.
There is an open door, spattered with blood here.
Things that are here:
a +2 demon blade; a +0 plate armour; a human corpse Margery gestures at you while chanting.
The fireball explodes!
The fireball engulfs you!!!
You die...

#####..#......#
#......#.......#.
.......#.....^#
######'#########.
.......#......# ####.#### ##
########......# ##.#...#.## #.
#######+#######.........#####'
............##...#...#...##...
............###.###[###.###...
............##...#...#...##...
...(.......[)@.>..........'...
..........@.##...#...#...##...
............###.###.###.###..)
...........!##=..#...#...##...
###+###p#######....>....######
#...Zp)# ##.#...#.## #......#
####.#### #....Z.# ###
#......#


You could see Margery, a hell knight (blind) and a great orb of eyes simulacrum
(corona).

Vanquished Creatures
  Saint Roka (Orc:2)
  Nikola (Spider:1)
  Mlioglotl (Spider:2)
  13 acid blobs
  2 sphinxes (Vaults:2)
  Donald (Swamp:2)
  4 thorn hunters (Swamp:4)
  A fenstrider witch (Swamp:4)
  2 azure jellies (Slime:4)
  A rockslime (Slime:5)
  7 ghost moths
  5 vault wardens
  3 emperor scorpions
  Louise (Swamp:2)
  2 orc warlords
  6 ironbound preservers
  6 very ugly things (Vaults:1)
  2 quicksilver oozes
  2 broodmothers
  2 ironbound thunderhulks (Vaults:2)
  4 eleionomae
  3 spark wasps
  3 bunyips
  10 dire elephants
  A minotaur (Gauntlet)
  A crystal guardian (Vaults:2)
  9 entropy weavers
  A deep elf high priest (Vaults:2)
  4 yaktaur captains
  3 great orbs of eyes
  A shambling mangrove (Swamp:3)
  An ice dragon (Lair:5)
  11 vault guards
  29 hydras
  7 centaur warriors
  3 catoblepae
  A peacekeeper (Vaults:2)
  3 jorogumos
  3 alligators
  4 ironbound frosthearts
  4 radroaches
  6 boulder beetles
  A tengu warrior (Gauntlet)
  4 two-headed ogres
  2 orc high priests (Orc:2)
  The ghost of experimilk the Thaumaturge, a novice DrCj of Vehumet (D:9)
  Urug (D:12)
  A spriggan berserker (Swamp:4)
  3 hell knights (Vaults:2)
  A shock serpent (shapeshifter) (Vaults:2)
  3 pharaoh ants
  Amaemon (D:8)
  A sixfirhy (Lair:5)
  4 goliath frogs
  5 spriggan druids
  2 steelbarb worms
  6 bog bodies
  12 orb spiders
  16 deep trolls
  A deep elf archer (Orc:2)
  9 ironbound convokers
  3 wizards
  18 swamp dragons
  2 wolf spider zombies (Spider:1)
  2 necromancers
  4 spectral wolf spiders (Spider:1)
  8 lindwurms (Vaults:1)
  Pikel (D:8)
  4 orc knights
  A deep elf zephyrmancer (D:15)
  An oklob plant (Spider:2)
  17 wolf spiders
  2 deep elf pyromancers
  5 orc sorcerers
  4 manticores
  A fire giant zombie (Vaults:1)
  4 will-o-the-wisps
  4 cyclopes
  8 ugly things
  5 moths of wrath
  8 elephants
  Joseph (D:7)
  2 shining eyes (Slime:5)
  5 torpor snails
  8 vault sentinels
  A centaur zombie (D:15)
  A naga mage (D:15)
  5 black mambas
  2 orange demons
  2 eyes of devastation (Slime:5)
  A centaur skeleton (D:15)
  A smoke demon (Lair:5)
  4 cane toads
  10 yaktaurs
  3 unseen horrors
  A freezing wraith (D:14)
  11 komodo dragons
  8 demonic crawlers
  5 rime drakes
  5 tengu conjurers
  8 trolls
  2 ice devils (Lair:5)
  2 red devils (Lair:5)
  4 meliai (Spider:4)
  13 tyrant leeches
  28 tarantellas
  A tengu simulacrum (Vaults:1)
  6 polar bears
  Grinder (D:4)
  65 slime creatures
  9 wolf spider simulacra
  21 blink frogs
  22 hornets
  A dream sheep (Lair:3)
  Prince Ribbit (D:8)
  30 jumping spiders
  2 shadows
  A centaur simulacrum (D:12)
  An elf skeleton (Vaults:1)
  2 ynoxinuls
  14 spriggans
  3 wyverns
  20 culicivoras
  4 water elementals (D:13)
  A vampire (D:13)
  61 yaks
  5 basilisks
  2 wraiths (D:12)
  2 steam dragons
  7 golden eyes
  10 humans (D:13)
  71 redbacks
  A yaktaur simulacrum (Vaults:1)
  Menkaure (D:5)
  Edmund (D:4)
  10 vampire mosquitoes
  3 wargs (Orc:2)
  17 swamp worms
  11 water moccasins
  8 acid dragons
  Duvessa (D:7)
  4 hell hounds (Lair:5)
  5 swamp drakes
  5 black bears
  34 orc warriors
  A meliai simulacrum (D:12)
  6 ogres
  4 ice beasts
  11 wolves
  9 centaurs
  A lemure (D:8)
  Blork the orc (D:5)
  9 bullfrogs
  7 gnoll sergeants
  A human simulacrum (Vaults:1)
  5 scorpions (Spider:1)
  9 wights (D:7)
  A hornet simulacrum (D:15)
  Dowan (D:7)
  A vampire bat (D:3)
  9 electric eels
  2 howler monkeys (D:9)
  9 hounds
  18 orc priests
  Crazy Yiuf (D:5)
  3 iron imps (Gauntlet)
  A jelly (D:4)
  4 gnoll boudas
  3 iguanas
  Ijyb (D:3)
  28 orc wizards
  15 hell rats
  39 gnolls
  7 adders
  5 shadow imps
  5 white imps
  3 ufetubi
  3 worms
  3 fire bats (D:3)
  95 orcs
  2 spectral bats (D:3)
  18 bats
  3 bat skeletons (D:3)
  A bat zombie (D:3)
  4 endoplasms
  4 giant cockroaches
  6 hobgoblins
  25 jackals
  2 quokkas (D:2)
  A ball python (D:3)
  A bat simulacrum (D:3)
  5 frilled lizards
  10 goblins
  4 kobolds
  2 rats
  4 briar patches (Swamp:4)
  A bush (D:9)
1362 creatures vanquished.

Vanquished Creatures (collateral kills)
  A vault warden (Vaults:1)
  A deep elf demonologist (Vaults:1)
  A great orb of eyes (Vaults:1)
3 creatures vanquished.

Vanquished Creatures (others)
  A deep elf zephyrmancer (Orc:2)
  An orc knight (Vaults:1)
  A shining eye (Slime:4)
  A wolf spider (Spider:1)
  4 bloated husks
  A swamp worm (Swamp:1)
  A briar patch (Swamp:4)
  10 foxfires (Swamp:2)
  9 fungi
  2 pillars of salt
  29 plants
60 creatures vanquished.

Grand Total: 1425 creatures vanquished

Notes
Turn   | Place    | Note
-------+----------+-------------------------------------------
     0 | D:1      | holysushi the Vine Stalker Monk began the quest for the
                  | Orb.
     0 | D:1      | Reached XP level 1. HP: 11/11 MP: 2/2
   100 | D:1      | Reached XP level 2. HP: 9/16 MP: 3/3
   170 | D:1      | You fall into a shaft and drop 1 floor!
   260 | D:2      | Reached XP level 3. HP: 19/19 MP: 4/4
   778 | D:2      | Gained mutation: Your natural rate of healing is unusually
                  | fast. [Vine Stalker growth]
   778 | D:2      | Reached XP level 4. HP: 13/23 MP: 5/5
  1006 | D:3      | Found a transporter.
  1008 | D:3      | Noticed Encipher's ghost (amateur KoHu)
  1009 | D:3      | Found a transporter.
  1011 | D:3      | Noticed an ogre
  1012 | D:3      | Noticed an ogre
  1012 | D:3      | Identified the +5 dire flail "Todiuqep" {vorpal, +Blink}
  1012 | D:3      | Noticed an ogre
  1045 | D:3      | Noticed Ijyb
  1064 | D:3      | Killed Ijyb
  1068 | D:3      | Reached skill level 5 in Short Blades
  1068 | D:3      | Reached XP level 5. HP: 14/27 MP: 3/6
  1347 | D:3      | Reached XP level 6. HP: 32/32 MP: 7/7
  1689 | D:3      | Found a hazy altar of Hepliaklqana.
  1689 | D:3      | Found a white marble altar of Elyvilon.
  1693 | D:3      | Found a radiant altar of Vehumet.
  1703 | D:3      | Found a sacrificial altar of Ru.
  1938 | D:4      | Found a basalt altar of Yredelemnul.
  2224 | D:4      | Found a bloodstained altar of Trog.
  2257 | D:4      | Reached XP level 7. HP: 35/35 MP: 8/8
  2518 | D:5      | Entered Level 5 of the Dungeon
  2523 | D:5      | Noticed Edmund
  2524 | D:5      | Noticed Blork the orc
  2565 | D:5      | Found a glowing silver altar of Zin.
  2573 | D:5      | Became a worshipper of Zin the Law-Giver
  2573 | D:5      | Reached * piety under Zin
  2573 | D:5      | Reached ** piety under Zin
  2690 | D:5      | Noticed Menkaure
  2745 | D:4      | Reached skill level 1 in Invocations
  2868 | D:4      | Killed Edmund
  3158 | D:5      | Noticed Grinder
  3415 | D:5      | Gained mutation: You have razor-sharp teeth. [Vine Stalker
                  | growth]
  3415 | D:5      | Reached XP level 8. HP: 34/39 MP: 10/10
  3496 | D:4      | Paralysed by Grinder for 2 turns
  3505 | D:4      | Killed Grinder
  3506 | D:4      | Reached skill level 3 in Dodging
  3518 | D:5      | Killed Menkaure
  3663 | D:5      | Found a runed translucent door.
  3664 | D:5      | Noticed Crazy Yiuf
  3848 | D:5      | Found the +7 staff of the Meek {protect, meekguard}
  3920 | D:5      | Killed Blork the orc
  4216 | D:5      | Killed Crazy Yiuf
  4217 | D:5      | Reached skill level 4 in Dodging
  4300 | D:5      | Reached XP level 9. HP: 22/43 MP: 8/13
  4465 | D:6      | Found a glowing golden altar of the Shining One.
  4534 | D:6      | Reached skill level 5 in Stealth
  4547 | D:6      | Reached skill level 5 in Invocations
  4759 | D:6      | Found a staircase to the Ecumenical Temple.
  4965 | D:6      | Found Ahaofie's Weapon Emporium.
  5002 | D:6      | Reached skill level 5 in Dodging
  5217 | D:6      | Reached *** piety under Zin
  5704 | D:7      | Noticed Dowan
  5707 | D:7      | Noticed Joseph
  5707 | D:7      | Noticed Duvessa
  5708 | D:7      | Killed Duvessa
  5709 | D:7      | Killed Dowan
  6087 | D:7      | Killed Joseph
  6088 | D:7      | Reached skill level 10 in Short Blades
  6088 | D:7      | Reached XP level 10. HP: 33/49 MP: 10/15
  6900 | D:8      | Noticed an orange demon
  6903 | D:8      | Noticed Amaemon
  6925 | D:8      | Killed Amaemon
  6927 | D:8      | Killed an orange demon
  6928 | D:8      | Reached skill level 6 in Dodging
  6948 | D:8      | Noticed a two-headed ogre
  7124 | D:8      | Found a blossoming altar of Fedhas.
  7240 | D:8      | Noticed Prince Ribbit
  7248 | D:8      | Killed Prince Ribbit
  7282 | D:8      | Reached skill level 5 in Fighting
  7855 | D:7      | Reached skill level 7 in Dodging
  7855 | D:7      | Reached XP level 11. HP: 29/55 MP: 15/17
  7981 | D:8      | Noticed Pikel
  8021 | D:8      | Killed Pikel
  8647 | D:9      | Found a runed translucent door.
  8647 | D:9      | Noticed experimilk's ghost (novice DrCj)
  9045 | D:9      | Reached skill level 8 in Dodging
  9317 | D:9      | Noticed a two-headed ogre
  9388 | D:9      | Killed a two-headed ogre
  9389 | D:9      | Reached skill level 9 in Dodging
  9608 | D:9      | Found a shadowy altar of Dithmenos.
  9611 | D:9      | Found an ornate altar of the Wu Jian Council.
  9668 | D:9      | Reached **** piety under Zin
  9685 | D:9      | Found a staircase to the Lair.
 10562 | D:9      | Found a shadowy altar of Dithmenos.
 10565 | D:9      | Found an ornate altar of the Wu Jian Council.
 10723 | D:9      | Found a staircase to the Lair.
 10763 | Lair:1   | Entered Level 1 of the Lair of Beasts
 10867 | Lair:1   | Reached skill level 1 in Shields
 11174 | Lair:1   | Reached XP level 12. HP: 60/60 MP: 18/18
 11707 | Lair:1   | Reached skill level 10 in Dodging
 12125 | Lair:2   | Reached ***** piety under Zin
 12181 | Lair:2   | Noticed a four-headed hydra
 12187 | Lair:2   | Killed a four-headed hydra
 12685 | D:10     | Entered Level 10 of the Dungeon
 12701 | D:10     | Reached skill level 5 in Shields
 13095 | D:10     | Noticed a two-headed ogre
 13128 | D:10     | Killed a two-headed ogre
 13294 | D:11     | Noticed a boulder beetle
 13322 | D:11     | Killed a boulder beetle
 13657 | D:11     | Noticed a two-headed ogre
 13672 | D:11     | Killed a two-headed ogre
 13732 | D:11     | Reached skill level 10 in Stealth
 13785 | D:11     | Noticed Urug
 14447 | D:12     | Noticed a boulder beetle
 14491 | D:12     | Reached XP level 13. HP: 63/63 MP: 21/21
 14505 | D:12     | Reached skill level 11 in Dodging
 14783 | D:12     | Found a staircase to the Orcish Mines.
 15022 | D:12     | Reached skill level 10 in Invocations
 15024 | D:12     | Found a frozen archway.
 15153 | D:12     | Found a stormy altar of Qazlal.
 15352 | D:12     | Killed Urug
 15953 | Orc:1    | Entered Level 1 of the Orcish Mines
 16019 | Orc:1    | Reached ****** piety under Zin
 16105 | Orc:2    | Entered Level 2 of the Orcish Mines
 16155 | Orc:1    | Reached skill level 1 in Evocations
 16251 | Orc:2    | Found a staircase to the Elven Halls.
 16270 | Orc:2    | Found Eilecryn's Eclectic Emporium.
 16278 | Orc:2    | Bought a potion of experience for 500 gold pieces
 16316 | Orc:2    | Reached skill level 12 in Dodging
 16336 | Orc:2    | Reached XP level 14. HP: 68/68 MP: 21/24
 16486 | Orc:2    | Found Alukyk's Jewellery Emporium.
 16824 | Orc:2    | Noticed Saint Roka
 16831 | Orc:2    | Found Waozaet's Antique Armour Emporium.
 16863 | Orc:2    | Found Abu Anwa's Antique Weapon Shoppe.
 16889 | Orc:2    | Killed Saint Roka
 16921 | Orc:2    | Bought a warped robe for 131 gold pieces
 16921 | Orc:2    | Identified the +0 robe of the Tundras {rElec rC++ Dex+2
                  | Slay-5} (You bought it in a shop on level 2 of the Orcish
                  | Mines)
 16921 | Orc:2    | Bought a pair of runed boots for 172 gold pieces
 17023 | Orc:2    | Noticed an orc warlord
 17092 | Orc:2    | Killed an orc warlord
 17319 | Orc:2    | Found Eni Mude's Armour Shop.
 18066 | D:13     | Identified the +0 cloak of the Armoured One {+Inv Int+6}
 18287 | D:13     | Reached XP level 15. HP: 72/72 MP: 25/25
 18483 | D:13     | Reached skill level 13 in Dodging
 18519 | D:13     | Found a gate to the Vaults.
 18539 | D:13     | Identified the +6 arbalest of the Skies Above {vorpal, MP+9
                  | Str+6 Dex+3 Stlth-}
 19161 | D:14     | Found an ancient bone altar of Kikubaaqudgha.
 19449 | D:15     | Entered Level 15 of the Dungeon
 19556 | D:15     | Identified the +2 chain mail "Mul Ust" {Str+4}
 20186 | D:15     | Reached skill level 14 in Dodging
 20440 | D:15     | Found a staircase to the Depths.
 20737 | Lair:3   | Found a gate leading to a gauntlet.
 20750 | Gauntlet | Entered a Gauntlet
 20750 | Gauntlet | Found a transporter.
 20757 | Gauntlet | Found a transporter.
 20759 | Gauntlet | Found a transporter.
 20770 | Gauntlet | Found a transporter.
 20773 | Gauntlet | Found a transporter.
 20782 | Gauntlet | Found a transporter.
 20795 | Gauntlet | Found a transporter.
 20809 | Gauntlet | Found a transporter.
 20821 | Gauntlet | Found a transporter.
 20826 | Gauntlet | Found a transporter.
 20826 | Gauntlet | Found a transporter.
 20850 | Gauntlet | Found a transporter.
 20854 | Gauntlet | Found a transporter.
 20907 | Gauntlet | Found a transporter.
 21092 | Gauntlet | Identified the +1 helmet "Roehum" {Will+ Str-5 Int+4
                  | Slay+5}
 21103 | Gauntlet | Identified the +5 double sword of Corruption {protect,
                  | Stlth+}
 21116 | Gauntlet | Identified the amulet of Qelenamot {Acrobat rPois MP+9
                  | Dex+3}
 21129 | Gauntlet | Identified the +6 hand axe "Omuytedgharyrch" {flame, rElec
                  | rPois}
 21129 | Gauntlet | Identified the +7 falchion of Analysis {flame, *Slow rC+
                  | rCorr Int+4}
 21470 | Lair:3   | Found a staircase to the Swamp.
 21476 | Lair:3   | Reached skill level 15 in Dodging
 21646 | Lair:3   | Found a hole to the Spider Nest.
 22097 | Orc:2    | Bought a manual of Evocations for 800 gold pieces
 22099 | Orc:2    | Bought a scroll of enchant weapon for 75 gold pieces
 22392 | Lair:4   | Reached skill level 5 in Evocations
 22616 | Lair:4   | You fall into a shaft and drop 1 floor!
 22616 | Lair:5   | Entered Level 5 of the Lair of Beasts
 22792 | Lair:5   | Reached XP level 16. HP: 76/76 MP: 26/26
 22810 | Lair:5   | Found a burning altar of Makhleb.
 22936 | Lair:5   | Found a gateway to Hell.
 23224 | Lair:5   | Found a viscous altar of Jiyva.
 23225 | Lair:5   | Found a staircase to the Slime Pits.
 24899 | Swamp:1  | Entered Level 1 of the Swamp
 25094 | Swamp:1  | Reached skill level 10 in Evocations
 25535 | Swamp:2  | Identified Roxanne's Collected Works on the Geologist
 25535 | Swamp:2  | Noticed Roxanne
 25544 | Swamp:2  | Noticed Donald
 25548 | Swamp:2  | Killed Donald
 25661 | Swamp:2  | Noticed Louise
 25668 | Swamp:2  | Killed Louise
 26276 | Swamp:3  | Identified the +7 long sword of Causality {flame, Str+5
                  | Int-3}
 26561 | Swamp:3  | Reached XP level 17. HP: 81/81 MP: 27/27
 26728 | Swamp:4  | Entered Level 4 of the Swamp
 27570 | Swamp:4  | Identified the +8 sling of Callousness {flame, rPois rF-
                  | Str+5}
 28177 | Swamp:4  | Got a decaying rune of Zot
 28178 | Swamp:4  | Identified the +4 great sword of Analysis {vorpal, Int+5}
 28467 | Spider:1 | Entered Level 1 of the Spider Nest
 28702 | Spider:1 | Identified the +0 flail of Megalomania {freeze, Int+7
                  | Dex-4}
 28797 | Spider:1 | Identified the +0 pair of gloves of the Maze {rF- rC++
                  | Str+3}
 28797 | Spider:1 | Noticed Nikola
 28817 | Spider:1 | Killed Nikola
 29037 | Spider:1 | Identified the +1 leather armour of Viet {rF+ rC+ Int+4}
 29225 | Spider:1 | Reached XP level 18. HP: 92/92 MP: 28/28
 30131 | Spider:2 | Noticed Mlioglotl
 30386 | Spider:2 | Killed Mlioglotl
 31105 | Spider:3 | Reached skill level 16 in Dodging
 31129 | Spider:3 | Reached skill level 10 in Fighting
 31855 | Spider:4 | Entered Level 4 of the Spider Nest
 32495 | Spider:4 | Reached XP level 19. HP: 88/98 MP: 29/29
 32970 | Spider:4 | Got a gossamer rune of Zot
 33401 | Spider:2 | Reached skill level 10 in Shields
 33716 | Slime:1  | Entered Level 1 of the Pits of Slime
 33869 | Slime:5  | Entered Level 5 of the Pits of Slime
 34281 | Slime:5  | Reached skill level 17 in Dodging
 34446 | Slime:5  | Found a viscous altar of Jiyva.
 34449 | Slime:5  | Noticed the Royal Jelly
 34775 | D:9      | Killed experimilk's ghost
 34791 | D:9      | Got the Tome of the Geologist
 34919 | Vaults:1 | Entered Level 1 of the Vaults
 35365 | Vaults:1 | Reached skill level 18 in Dodging
 35400 | Vaults:1 | Noticed a Tzitzimitl
 35402 | Vaults:1 | Reached XP level 20. HP: 22/102 MP: 10/31
 36061 | Vaults:1 | Found Xopyleg's Antique Armour Emporium.
 36069 | Vaults:1 | Bought a transparent ring mail for 297 gold pieces
 36069 | Vaults:1 | Identified the +5 ring mail "Haizo" {Fly Will- Regen+
                  | rCorr} (You bought it in a shop on level 1 of the Vaults)
 36069 | Vaults:1 | Bought a translucent helmet for 313 gold pieces
 36069 | Vaults:1 | Identified the +1 helmet of Amosum {*Slow Int+3 Dex+3} (You
                  | bought it in a shop on level 1 of the Vaults)
 36874 | Vaults:2 | Reached skill level 19 in Dodging
 37418 | Vaults:2 | Identified the +3 leather armour of Zusoin {Slay+3}
 37459 | Vaults:2 | Noticed Margery
 37501 | Vaults:2 | Killed from afar by Margery

Illustrated notes

Levels and vault maps discovered:
D:1:      sevenhm_arrival_forest_fort_small_3, layout_basic
D:2:      layout_loops_cross, roderic_roman_lattice
D:3:      layout_loops_ring, minitemple, gammafunk_ghost_smash, goddamned_bats,
          uniq_ijyb
D:4:      layout_rooms, mainiacjoe_overflow_small_starburst,
          lightli_temple_of_fire, serial_glass, glass_columns_a,
          glass_columns_b, glass_columns_a, glass_columns_c, glass_columns_a,
          glass_columns_b, minivault_4
D:5:      layout_loops_ring, zin_academy, pf_guarded_unrand_meek, uniq_grinder,
          uniq_crazy_yiuf_cottage, uniq_menkaure, uniq_blork_the_orc,
          uniq_edmund
D:6:      layout_cave_pools, lemuel_crystal_altar, minmay_temple_entry_slanted,
          serial_gnoll_camp, gnoll_camp_mini_loothouse, gnoll_camp_huts_basic,
          gnoll_camp_medium_01, gnoll_camp_mini_hut, gnoll_camp_medium_02,
          serial_shops, shop
D:7:      layout_basic, uniq_joseph, uniq_duvessa
D:8:      layout_loops_ring, mainiacjoe_overflow_surrounded_room, uniq_pikel,
          uniq_prince_ribbit1, uniq_amaemon
D:9:      layout_long_grid, nicolae_overflow_squiral, david_lair_generic,
          hellmonk_ghost_big_iron
D:10:     layout_rooms
D:11:     kennysheep_big_flooded_room, layout_loops_corners, uniq_urug
D:12:     layout_loops_ring, david_orc_4, serial_ice, serial_ice_a,
          serial_ice_g, serial_ice_j, serial_ice_d, portal_ice_cave_rime,
          nicolae_qazlal_eye_of_the_storm
D:13:     wander_river, layout_basic, ximxim_vaults_locker_room,
          chequers_big_river, kennysheep_nondescript
D:14:     layout_gridville, kiku_gazebo_pond_becter
D:15:     grunt_enter_depths_magical_seal, layout_loops_ring,
          hangedman_abyss_or_decor_lesser_grid
Lair:1:   statuecave_lemuel, layout_loops_ring, grunt_megastairs_1
Lair:2:   layout_gridlike
Lair:3:   nzn_motion_control, layout_regular_city,
          nicolae_swamp_entry_splash_gauntlet, spider_nest_entry_webs,
          gauntlet_entry_generic, grunt_forest_large_clearing_hut
Lair:4:   layout_cave_shapes, patterned_corridor, grunt_megastairs_4,
          serial_bayou_shore_a
Lair:5:   evil_forest, layout_small_grid, slime_entry_1,
          bobbens_ice_dragon_lair, infiniplex_staircase_pool_2
Swamp:1:  layout_basic_swamp, nicolae_swamp_well_well_well, swamp_pool3
Swamp:2:  layout_basic_swamp, evilmike_swamp_ruin_house_1, swamp_pool4,
          uniq_louise, uniq_donald, uniq_roxanne
Swamp:3:  layout_basic_swamp, hangedman_swamp_lotus
Swamp:4:  swamp_basic_johnstein, layout_basic_swamp, worms_lemuel
Spider:1: spiders_nest_scorpion_pit, nicolae_spider_undead_wolf_pack,
          uniq_nikola
Spider:2: layout_spider_delve, nicolae_spider_acid_house, uniq_mlioglotl
Spider:3: layout_spider_delve, guppyfry_spider_mini_1
Spider:4: grunt_spider_rune_island, hangedman_spider_mandibles
Slime:1:  cheibrodos_slime_lost_civilization_3, layout_caves,
          nicolae_slime_phagocytosis
Slime:2:  cheibrodos_slime_lost_civilization_8, layout_caves
Slime:3:  layout_caves
Slime:4:  layout_caves
Slime:5
Orc:1:    layout_caves
Orc:2:    grunt_orc_community_town_hall, layout_caves,
          grunt_orc_community_big_house_2, grunt_orc_community_big_house_2,
          grunt_orc_community_house_1, grunt_orc_community_house_2,
          grunt_orc_community_house_2, grunt_orc_community_house_1,
          grunt_orc_community_house_1, grunt_orc_community_house_3,
          nicolae_alphabet_shops, elf_legates
Vaults:1: v_rooms_4, vaults_room_guarded_vault, v_misc_24, v_pattern_3,
          ontoclasm_vaults_bender, vaults_room_boxed, v_misc_25,
          ontoclasm_vaults_chip, ontoclasm_vaults_loading_screen,
          vaults_room_hallway, nicolae_vaults_three_branches,
          nicolae_vaults_yaktaur_gun_rack, nicolae_vaults_little_squares_4,
          vaults_dpeg_hooks, layout_vaults_maze_snakey, serial_shops,
          nicolae_diamond_shop
Vaults:2: hangedman_vaults_stretched_pinwheel, hangedman_vaults_pinch,
          vaults_room_corners, nicolae_vaults_little_squares_3, v_misc_12,
          nicolae_vaults_circle_grid_a, nicolae_vaults_network_quinsquares
          [nicolae_vaults_network_quincunx_subvault,
          nicolae_vaults_network_quincunx_subvault,
          nicolae_vaults_network_quincunx_subvault,
          nicolae_vaults_network_quincunx_subvault],
          ontoclasm_vaults_claustrophobia, st_diamondy,
          hangedman_vaults_river_flow, vaults_room_semicircle, v_misc_5,
          v_alt_pattern_1, nicolae_vaults_little_squares_5,
          layout_vaults_omnibox, uniq_margery

Skill      XL: |  1  2  3  4  5  6  7  8  9 10 11 12 13 14 15 16 17 18 19 20 |
---------------+-------------------------------------------------------------+-----
Short Blades   | 3 4 5 7 8 10 13 14 | 14.0
Stealth        | 4 5 7 10 12 | 12.0
Invocations    | 2 4 5 7 9 12 13 14 | 14.0
Dodging        | 4 5 7 9 10 12 15 16 18 19 | 19.3
Fighting       | 3 5 6 9 10 12 | 12.4
Shields        | 2 5 9 10 | 10.0
Evocations     | 1 4 6 11 13 14 | 14.0

Action                   |  1- 3 |  4- 6 |  7- 9 | 10-12 | 13-15 | 16-18 | 19-21 || total
-------------------------+-------+-------+-------+-------+-------+-------+-------++-------
Melee: Short sword       |    50 |       |       |       |       |       |       ||    50
       Bite              |    27 |    38 |   166 |   408 |   591 |   709 |   525 ||  2464
       Dagger            |    44 |   154 |   424 |   788 |  1055 |       |       ||  2465
       Punch             |       |       |     9 |     6 |       |       |       ||    15
       Rapier            |       |       |       |       |   111 |  1550 |   943 ||  2604
Invok: Recite            |       |       |    34 |    20 |    33 |    14 |    12 ||   113
       Vitalisation      |       |       |     3 |     5 |    18 |    17 |    10 ||    53
 Abil: Evoke Invisibilit |       |       |       |       |     2 |     4 |       ||     6
Evoke: Wand              |       |       |       |     5 |     7 |     7 |       ||    19
  Use: Scroll            |       |       |    12 |     5 |    20 |    11 |     5 ||    53
       Potion            |       |       |     2 |       |     1 |     2 |     1 ||     6
 Stab: Sleeping          |     7 |    11 |     3 |    19 |    27 |    39 |    45 ||   151
       Confused          |       |       |     4 |     2 |    21 |     4 |    11 ||    42
       Distracted        |       |       |     1 |     2 |     4 |     4 |     5 ||    16
       Paralysed         |       |       |       |     2 |    16 |     1 |       ||    19
       Invisible         |       |       |       |     1 |    15 |    17 |     5 ||    38
Armor: Robe              |     7 |    30 |    39 |    20 |       |    47 |       ||   143
       Acid dragon scale |       |       |       |    43 |   113 |    14 |    20 ||   190
       Skin              |       |       |       |     2 |       |       |       ||     2
       Leather armour    |       |       |       |       |       |    46 |    21 ||    67
       Troll leather arm |       |       |       |       |       |       |     8 ||     8
Dodge: Dodged            |    50 |   129 |   247 |   479 |   744 |  1492 |   635 ||  3776
Block: Kite shield       |       |       |       |   213 |   596 |  1072 |   552 ||  2433
       Reflection        |       |       |       |       |       |     6 |    16 ||    22

Table legend: (Time is in decaauts)
 A = Elapsed time spent in this place.
 B = Non-inter-level travel time spent in this place.
 C = Inter-level travel time spent in this place.
 D = Time resting spent in this place.
 E = Time spent auto-exploring this place.
 F = Levels seen in this place.
 G = Mean time per level.
                   A        B        C        D        E       F      G
               +--------+--------+--------+--------+--------+-----+--------+
         Total |  36210 |  32969 |   3241 |   3358 |  18142 |  38 |  952.9 |
       Dungeon |  16996 |  15545 |   1451 |   1788 |   8932 |  15 | 1133.1 |
          Lair |   5461 |   4707 |    754 |    172 |   3212 |   5 | 1092.2 |
         Swamp |   3626 |   3343 |    283 |    462 |   1471 |   4 |  906.5 |
   Spider Nest |   4905 |   4392 |    513 |    541 |   2125 |   4 | 1226.2 |
    Slime Pits |    800 |    734 |     66 |    164 |      0 |   5 |  160.0 |
  Orcish Mines |   1674 |   1503 |    171 |     39 |    800 |   2 |  837.0 |
        Vaults |   2373 |   2373 |      0 |    186 |   1388 |   2 | 1186.5 |
      Gauntlet |    371 |    371 |      0 |      6 |    214 |   1 |  371.0 |
               +--------+--------+--------+--------+--------+-----+--------+

Top non-repeatable levels by time:
     D:9: 2302 daAuts
Spider:1: 1699 daAuts
     D:7: 1587 daAuts
 Swamp:4: 1553 daAuts
   Orc:2: 1494 daAuts
    D:13: 1447 daAuts
Vaults:1: 1397 daAuts
  Lair:3: 1366 daAuts
    D:12: 1338 daAuts
     D:5: 1295 daAuts
     D:8: 1247 daAuts
Spider:4: 1228 daAuts
     D:4: 1212 daAuts
     D:6: 1151 daAuts
  Lair:1: 1142 daAuts
